 Dungeon Sprint DCSS version 0.21-a0-272-g984ae92 (webtiles) character file.

13531 terra52 the Slayer (level 11, -6/115 (117) HPs)
             Began as a Centaur Gladiator on Sept 14, 2017.
             Was the Champion of the Shining One.
             Mangled by a 12-headed hydra (15 damage)
             ... in the Dungeon (Sprint I: "Red Sonja") on Sept 15, 2017.
             The game lasted 00:15:12 (2029 turns).

terra52 the Slayer (Centaur Gladiator)              Turns: 2029, Time: 00:15:13

HP:   -6/115 (117)  AC:  9    Str: 18    XL:     11   Next: 76%
MP:   13/23         EV: 10    Int:  7    God:    the Shining One [******]
Gold: 617           SH: 12    Dex: 15    Spells: 10/10 levels left

rFire    . . .     SeeInvis .   v - +7 spear "Cippota" {venom, Dex+2}
rCold    . . .     Gourm    .   (no shield)
rNeg     + + +     Faith    .   n - +0 troll leather armour
rPois    +         Spirit   .   c - +0 helmet
rElec    .         Reflect  .   s - +1 cloak {rPois}
rCorr    .         Harm     .   w - +0 pair of gloves
MR       .....     NoTele   +   (no barding)
Stlth    +.........             (no amulet)
HPRegen  0.69/turn              (no ring)
MPRegen  0.18/turn              (no ring)

@: divine shield, glowing, very quick
A: hooves 3, deformed body, speed 2, frail 1, tough skin 3
a: Divine Shield, Cleansing Flame, Summon Divine Warrior, Brand Weapon With Holy
Wrath, Renounce Religion


You were in the Dungeon.
You worshipped the Shining One.
The Shining One was exalted by your worship.
You were not hungry.

You visited 1 branch You collected 1135 gold pieces.
You spent 504 gold pieces at shops.
You donated 14 gold pieces to Zin.

Inventory:

Hand Weapons
 a - a +0 trident
 j - a +0 blowgun
 p - a +1 dagger of electrocution
 v - the +7 spear "Cippota" (weapon) {venom, Dex+2}
   (You bought it in a shop in the Dungeon)

   It poisons the flesh of those it strikes.
   It affects your dexterity (+2).
Missiles
 l - 6 curare-tipped needles
Armour
 b - a +0 leather armour
 c - a +0 helmet (worn)
 n - a +0 troll leather armour (worn)
 s - a +1 cloak of poison resistance (worn)
 w - a +0 pair of gloves (worn)
Scrolls
 f - a scroll of summoning {unknown}
 k - a scroll of blinking
 o - a scroll of recharging {unknown}
 q - 2 scrolls of fog {unknown}
 u - a scroll of identify
 x - a scroll of silence {unknown}
 y - a scroll of remove curse {unknown}
Potions
 d - a potion of agility
 e - 4 potions of curing
 g - a potion of heal wounds
 h - a potion of haste
 i - 2 potions of magic
Miscellaneous
 m - a box of beasts
Comestibles
 r - a meat ration
 t - 3 royal jellies
 z - 4 chunks of flesh


   Skills:
 * Level 22.4 Fighting
 - Level 2.6 Polearms
 - Level 2.1 Throwing
 - Level 2.1 Dodging
 + Level 17.1 Invocations


You had 10 spell levels left.
You didn't know any spells.

Dungeon Overview and Level Annotations

Branches:
Dungeon (1/1)

Altars:
Cheibriados
Dithmenos
Elyvilon
Fedhas
Gozag
Hepliaklqana
Kikubaaqudgha
Makhleb
Nemelex Xobeh
Okawaru
Qazlal
Ru
Sif Muna
Trog
Uskayaw
Vehumet
Wu Jian
Xom
Yredelemnul
Zin
The Shining One
Jiyva
Lugonu

Shops:
D [=(?[!%(=[*=%(=%%=}[}


Innate Abilities, Weirdness & Mutations

You have hooves in place of feet.
Armour fits poorly on your strangely shaped body.
You cover ground very quickly.
You have extremely tough skin. (AC +3)
You are frail. (-10% HP)


Message History

* * * LOW HITPOINT WARNING * * *
The 12-headed hydra closely misses you. You block the 12-headed hydra's attack.
The golden flame engulfs you! You resist.
The golden flame engulfs the 12-headed hydra.
The 12-headed hydra is severely wounded.
The golden flame engulfs the floating eye.
You kill the floating eye!
You feel somewhat more hungry. You block the 12-headed hydra's attack.
The 12-headed hydra bites you.
* * * LOW HITPOINT WARNING * * *
You block the 12-headed hydra's attack.
The 12-headed hydra bites you but does no damage.
The 12-headed hydra bites you!
* * * LOW HITPOINT WARNING * * *
The 12-headed hydra bites you.
* * * LOW HITPOINT WARNING * * *
The 12-headed hydra bites you but does no damage.
You block the 12-headed hydra's attack. The 12-headed hydra barely misses you.
The 12-headed hydra bites you!
You die...

#####################
..#..#§.†.§§§§§§@D§$#
.†##'#§####§§§§§##§.+
..††§#§# ##§§.## ##
###§.'.# ###+#
.##'#### .#.)..§#
.#...§.+ '###.§§#
.§.#^§§#


You could see a 12-headed hydra.

Vanquished Creatures
  2 centaur warriors (D)
  Sonja (D)
  2 unseen horrors (D)
  A deep troll (D)
  A lindwurm (D)
  8 shining eyes (D)
  An oklob plant (D)
  A gargoyle (D)
  2 kobold demonologists (D)
  4 demonic crawlers (D)
  A hornet (D)
  A slime creature (D)
  2 redbacks (D)
  Sigmund (D)
  A yak (D)
  13 hogs (D)
  7 floating eyes (D)
  7 necrophages (D)
  An ogre (D)
  8 jellies (D)
  Ijyb (D)
  2 ballistomycetes (D)
68 creatures vanquished.

Vanquished Creatures (others)
  2 ballistomycete spores (D)
2 creatures vanquished.

Grand Total: 70 creatures vanquished

Notes
Turn   | Place    | Note
-------+----------+-------------------------------------------
     0 | D        | terra52 the Centaur Gladiator began the quest for the Orb.
     0 | D        | Reached XP level 1. HP: 17/17 MP: 1/1
     1 | D        | Noticed Ijyb
    13 | D        | Killed Ijyb
    13 | D        | Reached skill level 5 in Fighting
    13 | D        | Reached XP level 2. HP: 25/30 MP: 2/2
    56 | D        | Noticed an ogre
    64 | D        | Killed an ogre
    64 | D        | Reached skill level 9 in Fighting
    64 | D        | Reached XP level 3. HP: 42/42 MP: 3/3
    64 | D        | Reached XP level 4. HP: 50/50 MP: 4/4
    69 | D        | Noticed Sigmund
    80 | D        | Killed Sigmund
    80 | D        | Reached skill level 12 in Fighting
    80 | D        | Reached XP level 5. HP: 62/62 MP: 5/5
    87 | D        | Found a deep blue altar of Sif Muna.
    88 | D        | Found an ornate altar of the Wu Jian Council.
    89 | D        | Found a radiant altar of Vehumet.
    95 | D        | Reached XP level 6. HP: 55/71 MP: 6/6
   175 | D        | Found Pomihis's Magic Scroll Emporium.
   175 | D        | Found an ancient bone altar of Kikubaaqudgha.
   175 | D        | Found a hazy altar of Hepliaklqana.
   175 | D        | Found a stormy altar of Qazlal.
   175 | D        | Found a hide-covered altar of Uskayaw.
   175 | D        | Found a blossoming altar of Fedhas.
   175 | D        | Found a bloodstained altar of Trog.
   175 | D        | Found an iron altar of Okawaru.
   175 | D        | Found a basalt altar of Yredelemnul.
   175 | D        | Found a glowing golden altar of the Shining One.
   175 | D        | Found a snail-covered altar of Cheibriados.
   175 | D        | Found a sacrificial altar of Ru.
   175 | D        | Found a glowing silver altar of Zin.
   175 | D        | Found a shadowy altar of Dithmenos.
   175 | D        | Found a white marble altar of Elyvilon.
   175 | D        | Noticed a yak
   193 | D        | HP: 2/71 [yak (7)]
   196 | D        | Killed a yak
   196 | D        | Reached skill level 14 in Fighting
   202 | D        | Found an opulent altar of Gozag.
   203 | D        | Found a sparkling altar of Nemelex Xobeh.
   209 | D        | Became a worshipper of Zin the Law-Giver
   209 | D        | Reached * piety under Zin
   209 | D        | Reached ** piety under Zin
   209 | D        | Reached *** piety under Zin
   209 | D        | Reached **** piety under Zin
   209 | D        | Reached ***** piety under Zin
   529 | D        | Found a burning altar of Makhleb.
   529 | D        | Found a viscous altar of Jiyva.
   529 | D        | Found a shimmering altar of Xom.
   529 | D        | Found a corrupted altar of Lugonu.
   529 | D        | Noticed a slime creature
   555 | D        | Killed a slime creature
   555 | D        | Reached XP level 7. HP: 49/82 MP: 6/10
   705 | D        | Noticed Sonja
   739 | D        | Killed Sonja
   739 | D        | Reached skill level 15 in Fighting
   739 | D        | Reached XP level 8. HP: 27/91 MP: 10/14
   751 | D        | Reached ****** piety under Zin
   755 | D        | Found Xaitouva's Antique Armour Boutique.
   768 | D        | Noticed a shining eye
   768 | D        | Noticed a shining eye
   768 | D        | Noticed a shining eye
   768 | D        | Paralysed by a floating eye for 4 turns
   776 | D        | Reached skill level 16 in Fighting
   784 | D        | Killed a shining eye
   784 | D        | Reached skill level 10 in Invocations
   798 | D        | Killed a shining eye
   798 | D        | Reached XP level 9. HP: 38/101 MP: 17/17
   808 | D        | Killed a shining eye
   808 | D        | Reached skill level 17 in Fighting
   810 | D        | Noticed a shining eye
   810 | D        | Noticed a shining eye
   810 | D        | Noticed a shining eye
   811 | D        | Noticed a shining eye
   811 | D        | Noticed a shining eye
   813 | D        | Paralysed by a floating eye for 2 turns
   830 | D        | Killed a shining eye
   830 | D        | Gained mutation: You are frail. (-10% HP) [a shining eye]
   837 | D        | Killed a shining eye
   837 | D        | Reached skill level 18 in Fighting
   842 | D        | Killed a shining eye
   842 | D        | Reached XP level 10. HP: 57/102 MP: 18/20
   850 | D        | Killed a shining eye
   859 | D        | Killed a shining eye
   895 | D        | Fell from the grace of Zin
   895 | D        | Became a worshipper of the Shining One
   895 | D        | Reached * piety under the Shining One
   895 | D        | Reached ** piety under the Shining One
   895 | D        | Reached *** piety under the Shining One
   895 | D        | Reached **** piety under the Shining One
  1022 | D        | Noticed a deep troll
  1043 | D        | Killed a deep troll
  1043 | D        | Reached skill level 19 in Fighting
  1080 | D        | Found Gulos's Armour Emporium.
  1114 | D        | Bought a scroll of identify for 22 gold pieces
  1139 | D        | Noticed a sixfirhy
  1141 | D        | Noticed a rust devil
  1146 | D        | Noticed a rust devil
  1238 | D        | Upgraded the game from 0.21-a0-270-g8204059 to 0.21-a0-272-g984ae92
  1241 | D        | Noticed a centaur warrior
  1248 | D        | Killed a centaur warrior
  1249 | D        | Noticed a centaur warrior
  1266 | D        | Killed a centaur warrior
  1266 | D        | Reached skill level 20 in Fighting
  1266 | D        | Reached skill level 15 in Invocations
  1348 | D        | Paralysed by a hornet for 1 turns
  1474 | D        | Noticed an oklob plant
  1476 | D        | Killed an oklob plant
  1492 | D        | Reached XP level 11. HP: 101/113 MP: 10/22
  1512 | D        | Paralysed by a floating eye for 2 turns
  1516 | D        | Reached ***** piety under the Shining One
  1517 | D        | Noticed an unseen horror
  1518 | D        | Noticed an unseen horror
  1537 | D        | Killed an unseen horror
  1552 | D        | Reached ****** piety under the Shining One
  1562 | D        | Killed an unseen horror
  1562 | D        | Reached skill level 21 in Fighting
  1606 | D        | Found Lionler's Jewellery Boutique.
  1606 | D        | Found Woppaenk's Gadget Emporium.
  1608 | D        | Found Dicopen's Gadget Emporium.
  1624 | D        | Found Viom's Antique Weapon Shoppe.
  1624 | D        | Found Locs's Food Shop.
  1624 | D        | Found Kotial's Jewellery Boutique.
  1626 | D        | Found Bacruobb's Antique Armour Emporium.
  1626 | D        | Found Cehuqeul's General Store.
  1626 | D        | Found Amote's Jewellery Shoppe.
  1626 | D        | Found Arrairasu's Food Boutique.
  1626 | D        | Found Vewkuw's Antique Weapon Emporium.
  1626 | D        | Found Buypt's Jewellery Shop.
  1626 | D        | Found Lyirown's Food Shoppe.
  1628 | D        | Bought a meat ration for 60 gold pieces
  1629 | D        | Found Nugijong's Food Boutique.
  1630 | D        | Bought an embroidered cloak for 180 gold pieces
  1633 | D        | Bought a royal jelly for 22 gold pieces
  1633 | D        | Bought a royal jelly for 22 gold pieces
  1633 | D        | Bought a royal jelly for 22 gold pieces
  1779 | D        | Found Nije's Jewellery Shoppe.
  1779 | D        | Found Noasm's Armour Shop.
  1779 | D        | Found Reacvys's Antique Weapon Emporium.
  1779 | D        | Found Namielud's Distillery.
  1786 | D        | Bought a crystal spear for 176 gold pieces
  1801 | D        | Identified the +7 spear "Cippota" {venom, Dex+2} (You bought it in a shop in the Dungeon)
  1904 | D        | Noticed a lindwurm
  1910 | D        | Killed a lindwurm
  1985 | D        | Reached skill level 22 in Fighting
  2026 | D        | Noticed a 12-headed hydra
  2029 | D        | Mangled by a 12-headed hydra

Vault maps used:
D:        dungeon_sprint_1

Skill      XL: |  1  2  3  4  5  6  7  8  9 10 11 |
---------------+----------------------------------+-----
Fighting       | 5 9 12 14 15 16 18 20 22 | 22.4
Invocations    | 4 8 11 13 15 17 | 17.1
Polearms       | |  2.6
Throwing       | |  2.1
Dodging        | |  2.1

Action                   |  1- 3 |  4- 6 |  7- 9 | 10-12 || total
-------------------------+-------+-------+-------+-------++-------
Melee: Trident           |    18 |    44 |    80 |   125 ||   267
       Kick              |     6 |    10 |    33 |    80 ||   129
       Spear             |       |       |       |    55 ||    55
 Fire: Blowgun           |       |       |       |     1 ||     1
Throw: Throwing net      |     2 |     1 |       |       ||     3
Invok: Recite            |       |       |     2 |       ||     2
       Vitalisation      |       |       |     1 |       ||     1
       Cleansing Flame   |       |       |       |    15 ||    15
       Divine Shield     |       |       |       |     8 ||     8
  Use: Potion            |       |       |     1 |       ||     1
       Scroll            |       |       |       |     1 ||     1
 Stab: Held in net/web   |       |     1 |       |       ||     1
  Eat: Chunk             |       |       |       |     2 ||     2
       Bread ration      |       |       |       |     1 ||     1
Armor: Leather armour    |     2 |     8 |     3 |       ||    13
       Troll leather arm |       |       |       |    32 ||    32
Dodge: Dodged            |     2 |    13 |     9 |    43 ||    67
Block: Other             |       |       |       |    99 ||    99

Table legend:
 A = Spawn XP
 B = Non-spawn XP
 C = Spawn XP percentage of total XP
 D = Spawn monster count
 E = Non-spawn monster count
 F = Spawn count percentage of total count
 G = Total turns spent on level
                    A         B        C        D         E        F      G
               +---------+---------+-------+---------+---------+-------+---------
         Total |       0 |   19330 |   0.0 |       0 |      66 |   0.0 |  2029
               +---------+---------+-------+---------+---------+-------+---------
             D |       0 |   19330 |   0.0 |       0 |      66 |   0.0 |  2029
               +---------+---------+-------+---------+---------+-------+---------
